AoeStats
← Kaos

Hideout

509386254Analyzed
1v1 RM · 6d ago on Sep 26, 2026· 36m 24s· 2 players
Game mode
Random Map
Map size
Tiny (2 player)
Population
200
Speed
Normal
Resources
Standard
Victory
Conquest
Starting age
Dark Age
Ending age
Imperial Age
RankedLock teamsTeams togetherTeam positionsShared explorationLock speedFull tech treeHidden civsTurbo modeCheats
Victory
Defeat
🇩🇪 Malay · Germany
605
+16
🇪🇸 Italians · Spain
610
-16
HabeDakis
11:13 Feudal Age
11:02 Double-Bit Axe
11:00 Horse Collar
18:12 Castle Age
18:24 Gold Mining
19:48 Scale Barding Armor
21:54 Husbandry
Kaos
7:42 Loom
10:47 Feudal Age
11:19 Double-Bit Axe
12:14 Horse Collar
17:17 Wheelbarrow
19:09 Castle Age
18:38 Fletching
20:44 Padded Archer Armor
22:36 Bow Saw
22:29 Heavy Plow
22:39 Thumb Ring
21:55 Crossbowman
22:46 Bodkin Arrow
Connection lost

Rejoining the realm…

Still unreachable

The connection could not be restored.

Session expired

The server has moved on; the page needs a fresh start.